 Dungeon Sprint DCSS version 0.31-a0-640-g39d97e502b (webtiles) character file.

Game seed: 3991897819327301614

1700000 sircluck the Wrestler (level 14, -4/179 HPs)
             Began as a Troll Berserker on Aug 28, 2023.
             Was an Elder of Makhleb.
             Slain by a bag of meat
             ... wielding a +9 war axe
              (37 damage)
             ... in the Dungeon (Sprint VIII: "Arena of Blood").
             The game lasted 00:00:34 (17 turns).

sircluck the Wrestler (Troll Berserker)               Turns: 17, Time: 00:00:35

Health: -4/179     AC:  4    Str: 28    XL:     14   Next: 86%
Magic:  13/13      EV: 19    Int:  3    God:    Makhleb [****..]
Gold:   0          SH:  0    Dex: 13    Spells: 13/13 levels left

rFire   . . .        h - +∞ Axe of Woe
rCold   . . .        (shield currently unavailable)
rNeg    . . .        a - +0 animal skin
rPois   .            (helmet restricted)
rElec   .            (no cloak)
rCorr   .            (gloves unavailable)
SInv    .            (boots unavailable)
Will    +....        (no amulet)
Stlth   +            (no ring)
HPRegen 1.29/turn    (no ring)
MPRegen 0.13/turn

%: no teleportation
@: no status effects
A: large, unfitting armour, claws 3, regeneration 1, shaggy fur 1, tough skin 1
a: Renounce Religion, Minor Destruction, Lesser Servant of Makhleb, Major
Destruction


You were in the Dungeon.
You worshipped Makhleb.
Makhleb was greatly pleased with you.
You visited 1 branch

Inventory:

Hand Weapons
 h - the +∞ Axe of Woe (weapon)
   (You found it in the Dungeon)
Armour
 a - a +0 animal skin (worn)
Scrolls
 g - a scroll of blinking
Potions
 b - a potion of curing
 c - a potion of heal wounds
 d - a potion of haste
 e - 2 potions of magic
 f - a potion of berserk rage


   Skills:
 + Level 21.4 Fighting
 + Level 21.1 Dodging
 + Level 24.6 Unarmed Combat


You had 13 spell levels left.
You didn't know any spells.
Your spell library was empty.

Dungeon Overview and Level Annotations

Branches:
Dungeon (1/1)

Altars:
Makhleb


Innate Abilities, Weirdness & Mutations

You are too large for most types of armour.
You have claws for hands.
Your natural rate of healing is unusually fast.
You are covered in fur. (AC +1)
You have tough skin. (AC +1)


Message History

Makhleb accepts your kill.
You can now summon a lesser servant of Makhleb.
You hear a shout!
The meat berserker hits you with a +9 battleaxe!!!
A bag of meat comes into view. It is wielding a +9 war axe. x3
The bag of meat hits you with a +9 war axe!
You hear a shout!
Your Fighting skill increases to level 21!
Your Dodging skill increases to level 21!
Your Unarmed Combat skill increases to level 24!
Unknown command.
Unknown command.
Unknown command.
Unknown command.
Unknown command.
The bag of meat shouts! x3
You slice the bag of meat!!
You fatally mangle the bag of meat.
You kill the bag of meat!
Makhleb accepts your kill.
You slash the bag of meat!
You slaughter the bag of meat joyfully.
You kill the bag of meat!
Makhleb accepts your kill.
You feel better.
You slice the meat berserker!!
You cleave the meat berserker in twain.
You kill the meat berserker!
Makhleb accepts your kill.
You can now hurl Makhleb's greater destruction.
You feel better.
You slash the bag of meat!
You hew the bag of meat violently.
You kill the bag of meat!
Makhleb accepts your kill.
You feel better.
You hear a shout!
You hear two shouts!
The meat berserker hits you with a +9 battleaxe!!!
A bag of meat comes into view. It is wielding a +9 war axe.
A destroyer comes into view. It is wielding a +9 heavy great sword.
A bag of meat comes into view. It is wielding a +9 war axe. x2
The meat berserker hits you with a +9 battleaxe!!!
* * * LOW HITPOINT WARNING * * *
The bag of meat hits you with a +9 war axe!!!
You die...

.......o......
#oV.....O..#.#.
#..o......o.....
#.o............
O.#..oo.o.......
....Oo.O........
......ooo.......
#oo.....# .
#@O.....#
...###)o.....###.
.........###o.....
.#.....o.._.......
.......#.....#....
.......#_.<._# .
.......#.....#
.#......o._...o.
........###......


You could see a destroyer (wandering), a large bag of meat (inner flame), 2 meat
berserkers and 17 bags of meat.

Vanquished Creatures
  3 ogres (D)
  9 orcs (D)
12 creatures vanquished.

Notes
Turn   | Place    | Note
-------+----------+-------------------------------------------
     0 | D        | Found the +∞ Axe of Woe
     0 | D        | sircluck the Troll Berserker began the quest for the Orb.
     0 | D        | Reached XP level 1. HP: 22/22 MP: 0/0
     1 | D        | Noticed a bag of meat
     3 | D        | Fell from the grace of Trog
     3 | D        | Became a worshipper of Makhleb the Destroyer
     7 | D        | Noticed a bag of meat
     8 | D        | Noticed a bag of meat
     9 | D        | Noticed a meat berserker
    10 | D        | Killed a bag of meat
    10 | D        | Noticed a bag of meat
    10 | D        | Noticed a bag of meat
    10 | D        | Noticed a bag of meat
    11 | D        | Reached skill level 15 in Unarmed Combat
    11 | D        | Reached XP level 2. HP: 52/52 MP: 1/1
    11 | D        | Reached XP level 3. HP: 59/59 MP: 2/2
    11 | D        | Reached XP level 4. HP: 68/68 MP: 3/3
    11 | D        | Reached XP level 5. HP: 76/76 MP: 4/4
    11 | D        | Reached XP level 6. HP: 85/85 MP: 5/5
    11 | D        | Reached XP level 7. HP: 93/93 MP: 6/6
    11 | D        | Reached XP level 8. HP: 102/102 MP: 7/7
    11 | D        | Reached XP level 9. HP: 110/110 MP: 8/8
    11 | D        | Reached XP level 10. HP: 119/119 MP: 9/9
    11 | D        | Noticed a bag of meat
    11 | D        | Noticed a bag of meat
    11 | D        | Noticed a bag of meat
    12 | D        | Noticed a bag of meat
    12 | D        | Noticed a bag of meat
    12 | D        | Noticed a bag of meat
    12 | D        | Noticed a bag of meat
    12 | D        | Noticed a bag of meat
    12 | D        | Noticed a meat berserker
    12 | D        | Noticed a meat berserker
    12 | D        | Noticed a bag of meat
    14 | D        | Killed a meat berserker
    14 | D        | Reached * piety under Makhleb
    14 | D        | Killed a bag of meat
    14 | D        | Noticed a bag of meat
    14 | D        | Noticed a bag of meat
    14 | D        | Noticed a bag of meat
    14 | D        | Noticed a bag of meat
    14 | D        | Noticed a meat berserker
    15 | D        | Reached skill level 20 in Unarmed Combat
    15 | D        | Reached XP level 11. HP: 87/139 MP: 10/10
    15 | D        | Reached XP level 12. HP: 93/148 MP: 11/11
    15 | D        | Reached XP level 13. HP: 98/157 MP: 12/12
    15 | D        | Killed a meat berserker
    15 | D        | Killed a bag of meat
    15 | D        | Reached ** piety under Makhleb
    15 | D        | Killed a bag of meat
    15 | D        | Noticed a bag of meat
    15 | D        | Noticed a large bag of meat
    15 | D        | Noticed a bag of meat
    15 | D        | Noticed a bag of meat
    15 | D        | Noticed a bag of meat
    15 | D        | Noticed a bag of meat
    15 | D        | Noticed a bag of meat
    16 | D        | Reached skill level 23 in Unarmed Combat
    16 | D        | Reached XP level 14. HP: 113/176 MP: 13/13
    16 | D        | Killed a bag of meat
    16 | D        | Killed a bag of meat
    16 | D        | Reached *** piety under Makhleb
    16 | D        | Noticed a bag of meat
    16 | D        | Noticed a bag of meat
    16 | D        | Noticed a bag of meat
    17 | D        | Reached skill level 24 in Unarmed Combat
    17 | D        | Killed a bag of meat
    17 | D        | Killed a bag of meat
    17 | D        | Killed a meat berserker
    17 | D        | Reached **** piety under Makhleb
    17 | D        | Killed a bag of meat
    17 | D        | Noticed a bag of meat
    17 | D        | Noticed a destroyer
    17 | D        | Noticed a bag of meat
    17 | D        | Noticed a bag of meat
    17 | D        | Slain by a bag of meat

Illustrated notes

Levels and vault maps discovered:
D:        meatsprint

Skill      XL: |  1  2  3  4  5  6  7  8  9 10 11 12 13 14 |
---------------+-------------------------------------------+-----
Fighting       | 13 17 20 21 | 21.4
Dodging        | 13 17 20 21 | 21.1
Unarmed Combat | 15 20 23 24 | 24.6

Action                     |  1- 3 |  4- 6 |  7- 9 | 10-12 | 13-15 || total
---------------------------+-------+-------+-------+-------+-------++-------
  Melee: Executioner's axe |     1 |       |       |     1 |     3 ||     5
  Dodge: Dodged            |       |       |       |       |     1 ||     1

Table legend: (Time is in decaauts)
 A = Elapsed time spent in this place.
 B = Non-inter-level travel time spent in this place.
 C = Inter-level travel time spent in this place.
 D = Time resting spent in this place.
 E = Time spent auto-exploring this place.
 F = Levels seen in this place.
 G = Mean time per level.
                   A        B        C        D        E       F      G
               +--------+--------+--------+--------+--------+-----+--------+
         Total |     20 |     20 |      0 |      0 |      0 |   1 |   20.0 |
       Dungeon |     20 |     20 |      0 |      0 |      0 |   1 |   20.0 |
               +--------+--------+--------+--------+--------+-----+--------+

Top non-repeatable levels by time:
       D: 20 daAuts
